 Dungeon Crawl Stone Soup version 0.30-a0-639-g3916f1956a (webtiles) character file.

Game seed: 1244519980923839551

1619 wormed the Ducker (level 8, -2/54 HPs)
             Began as an Octopode Conjurer on Jan 16, 2023.
             Was an Initiate of Gozag.
             Slain by an unseen horror (9 damage)
             ... on level 7 of the Dungeon.
             The game lasted 00:10:47 (8847 turns).

wormed the Ducker (Octopode Conjurer)               Turns: 8847, Time: 00:10:48

Health: -2/54      AC:  1    Str:  6    XL:     8   Next: 96%
Magic:  7/15       EV: 14    Int: 29    God:    Gozag
Gold:   240        SH:  0    Dex: 10    Spells: 10/16 levels left

rFire   . . .      SeeInvis .      - Unarmed
rCold   . . .      Faith    .    (no shield)
rNeg    . . .      Spirit   .    (helmet restricted)
rPois   .          Reflect  .    (no amulet)
rElec   .          Harm     .    f - ring of willpower
rCorr   .          Rampage  .    n - +6 ring of intelligence
Will    +....                    (no ring)
Stlth   +++                      (no ring)
HPRegen 0.29/turn                (no ring)
MPRegen 0.14/turn                (no ring)
                                 (no ring)
                                 (no ring)

@: no status effects
A: almost no armour, amphibious, 8 rings, camouflage 1, gelatinous body 1,
(nimble swimmer 1), tentacles
a: Renounce Religion, Potion Petition, Call Merchant, Bribe Branch


You were on level 7 of the Dungeon.
You worshipped Gozag.
Gozag was aware of your devotion.
You visited 2 branches of the dungeon, and saw 8 of its levels.
You also visited: Sewer.

You collected 314 gold pieces.
You paid 74 gold pieces to Gozag.

Inventory:

Missiles
 l - a throwing net
Jewellery
 f - a ring of willpower (left tentacle)
 n - a +6 ring of intelligence (right tentacle)
Wands
 m - a wand of roots (6)
Scrolls
 k - a scroll of blinking
 p - a scroll of enchant armour
Potions
 a - a potion of magic
 b - 2 potions of might
 c - a potion of heal wounds
 d - 4 potions of brilliance
 e - 3 potions of curing
 g - a potion of degeneration {unknown}
 h - a potion of attraction
 i - a potion of ambrosia
 j - 2 potions of haste {unknown}
 q - 2 potions of mutation {unknown}
 r - a potion of invisibility {unknown}


   Skills:
 + Level 4.5 Fighting
 + Level 5.2 Dodging
 - Level 3.0 Stealth
 + Level 4.6 Unarmed Combat
 + Level 4.8 Spellcasting
 - Level 4.1 Conjurations
 + Level 3.3 Summonings
 - Level 2.8 Transmutations


You had 10 spell levels left.
You knew the following spells:

 Your Spells              Type           Power      Damage    Failure   Level
a - Magic Dart            Conj           100%       1d8       1%          1
b - Searing Ray           Conj           60%        2d6       1%          2
c - Call Canine Familiar  Summ           26%        N/A       4%          3

Your spell library contained the following spells:

 Spells                   Type           Power      Damage    Failure   Level
 Summon Small Mammal      Summ           100%       N/A       1%          1
 Dazzling Flash           Conj/Hex       36%        N/A       9%          3
 Summon Guardian Golem    Hex/Summ       16%        N/A       10%         3
 Gell's Gravitas          Tloc           7%         N/A       19%         3
 Teleport Other           Tloc           7%         N/A       19%         3
 Fulminant Prism          Conj/Hex       9%         3d7       26%         4
 Iskenderun's Mystic Bla  Conj/Tloc      18%        2d6       26%         4
 Dispersal                Tloc           3%         N/A       100%        6


Dungeon Overview and Level Annotations

Branches:
Dungeon (7/15)             Temple (1/1) D:6           Sewer (visited)

Altars:
Ashenzari
Cheibriados
Dithmenos
Elyvilon
Fedhas
Gozag
Hepliaklqana
Kikubaaqudgha
Nemelex Xobeh
Okawaru
Ru
Sif Muna
Trog
Wu Jian
Xom
Zin

Shops:
D:6 [


Innate Abilities, Weirdness & Mutations

You cannot wear most types of armour.
You are amphibious.
You can wear up to eight rings at the same time.
Your skin changes colour to match your surroundings (Stealth+).
Your rubbery body absorbs attacks. (AC +1, EV +1)
((You are camouflaged when in or above water. (Stealth+)))
You have tentacles for arms and can constrict up to eight enemies at once.


Message History

Something hits you. x2
Something hits you!
You tentacle-slap something but do no damage.
Something hits you. Something barely misses you.
You feel much better. Something hits you.
Casting: Searing Ray (safe; 1% risk of failure)
Confirm with . or Enter, or press ? or * to list all spells.
Aiming: Searing Ray (safe; 1% risk of failure)
Press: ? - help, Shift-Dir - straight line The searing ray hits something. (Press . to maintain the ray.)
Something hits you! Something hits you. Something barely misses you.
Something hits you!
* * * LOW HITPOINT WARNING * * *
Something hits you!
* * * LOW HITPOINT WARNING * * *
The searing ray hits something!
You finish channelling your searing ray.
Something closely misses you. Something barely misses you.
You feel much better. Something hits you. Something closely misses you.
Casting: Searing Ray (safe; 1% risk of failure)
Confirm with . or Enter, or press ? or * to list all spells.
Aiming: Searing Ray (safe; 1% risk of failure)
Press: ? - help, Shift-Dir - straight line The searing ray hits something! (Press . to maintain the ray.)
Something barely misses you. Something hits you! x2
* * * LOW HITPOINT WARNING * * *
You feel much better. Something hits you!
Casting: Searing Ray (safe; 1% risk of failure)
Confirm with . or Enter, or press ? or * to list all spells.
Aiming: Searing Ray (safe; 1% risk of failure)
Press: ? - help, Shift-Dir - straight line (Press . to maintain the ray.)
Something hits you!
* * * LOW HITPOINT WARNING * * *
Something hits you!
You die...
Your body crumbles into a pile of gold.

#.#
#.#.######.##
#.# #.#.#
##.. #.#
#.#.# #######
#.# #.#..
....... #.#
#.### #######
#.# #. #(#
#.########.#
#.##.@.....#
#.##.#######
#.##.# #....#
###..# #..#
#..# #..#
#...


There were no monsters in sight!

Vanquished Creatures
  2 ogres (D:5)
  A black bear (D:6)
  2 phantoms (D:5)
  3 centaurs
  A bullfrog (D:7)
  2 scorpions
  A howler monkey (D:5)
  4 hounds
  2 orc priests
  6 jellies
  An iguana (D:6)
  3 orc wizards (D:5)
  13 adders
  4 gnolls (D:3)
  A river rat (D:5)
  A white imp (D:7)
  2 worms
  2 dart slugs
  9 orcs
  4 bats
  10 endoplasms
  10 giant cockroaches
  16 goblins
  5 hobgoblins
  8 jackals
  13 kobolds
  4 quokkas
  6 ball pythons
  5 frilled lizards
  4 rats
  A spectral kobold (D:1)
146 creatures vanquished.

Notes
Turn   | Place    | Note
-------+----------+-------------------------------------------
     0 | D:1      | wormed the Octopode Conjurer began the quest for the Orb.
     0 | D:1      | Reached XP level 1. HP: 11/11 MP: 3/3
   185 | D:1      | Reached XP level 2. HP: 17/17 MP: 1/5
   697 | D:1      | Found a faded altar of an unknown god.
   987 | D:2      | Reached skill level 1 in Unarmed Combat
   987 | D:2      | Reached XP level 3. HP: 11/22 MP: 0/6
   990 | D:2      | Learned a level 2 spell: Searing Ray
  1075 | D:2      | Reached skill level 1 in Fighting
  1205 | D:2      | Reached skill level 1 in Transmutations
  1251 | D:2      | Reached XP level 4. HP: 22/28 MP: 2/7
  1673 | D:2      | Found a broken altar of Ashenzari.
  2209 | D:3      | Found the +1 Delatra's gloves {ID++}
  2684 | D:3      | Reached XP level 5. HP: 21/33 MP: 1/9
  2953 | D:3      | Reached skill level 3 in Dodging
  3339 | D:3      | Found a sacrificial altar of Ru.
  3339 | D:3      | Found a bloodstained altar of Trog.
  3776 | D:4      | Reached XP level 6. HP: 39/39 MP: 6/10
  4797 | D:5      | Entered Level 5 of the Dungeon
  5160 | D:5      | Found a glowing drain.
  5291 | Sewer    | Entered a sewer
  5832 | Sewer    | Reached XP level 7. HP: 45/45 MP: 7/12
  5837 | Sewer    | Found a viscous altar of Jiyva.
  6133 | D:5      | Learned a level 3 spell: Call Canine Familiar
  6311 | D:5      | Reached skill level 4 in Dodging
  6312 | D:5      | Reached skill level 1 in Summonings
  6564 | D:5      | Reached XP level 8. HP: 46/52 MP: 3/14
  7138 | D:5      | HP: 1/54 [centaur/arrow (11)]
  7540 | D:6      | Reached skill level 5 in Dodging
  7541 | D:6      | Found a staircase to the Ecumenical Temple.
  7552 | Temple   | Entered the Ecumenical Temple
  7840 | Temple   | Became a worshipper of Gozag Ym Sagoz the Greedy
  8340 | D:6      | Found a snail-covered altar of Cheibriados.
  8340 | D:6      | Found a white marble altar of Elyvilon.
  8341 | D:6      | Found a glowing silver altar of Zin.
  8341 | D:6      | Found a shadowy altar of Dithmenos.
  8400 | D:6      | Found Foatixke's Armour Shoppe.
  8795 | D:7      | Found a hazy altar of Hepliaklqana.
  8847 | D:7      | Slain by an unseen horror

Illustrated notes

Levels and vault maps discovered:
D:1:      heliophobic_arrival_battle_scene, layout_basic,
          dreamdust_ecumenical_altar_drowned_temple
D:2:      layout_basic, basic_altar
D:3:      layout_loops_ring, nicolae_overflow_squiral, hex_large,
          grunt_decor_mini_mirrors
D:4:      layout_loops_ring, kennysheep_generic_room_16
D:5:      layout_rooms, gup_sewer_entry_spiral, eino_tiny_chamber,
          minmay_ogre_servants
D:6:      layout_loops_cross, chequers_temple_overflow_statue_of_worship,
          minmay_temple_entry_grid, serial_shops, shop
D:7:      layout_loops_ring, worldfamousw_hep_ancestral_shrine,
          nicolae_uskayaw_dance_hall, dk_noncrumbling_2
Temple:   grunt_temple_mini_profane

Skill      XL: |  1  2  3  4  5  6  7  8 |
---------------+-------------------------+-----
Stealth        | 3 |  3.0
Unarmed Combat | 1 2 3 4 |  4.6
Fighting       | 1 2 3 4 |  4.5
Transmutations | 1 2 |  2.8
Dodging        | 3 4 5 |  5.2
Spellcasting   | 3 4 |  4.8
Summonings     | 1 3 |  3.3
Conjurations   | |  4.1

Action                   |  1- 3 |  4- 6 |  7- 9 || total
-------------------------+-------+-------+-------++-------
Melee: Unarmed           |     8 |    19 |    15 ||    42
       Tentacles         |     4 |     5 |     4 ||    13
       Constrict         |     4 |     2 |     2 ||     8
       Punch             |       |       |     1 ||     1
 Cast: Magic Dart        |    33 |    32 |    17 ||    82
       Searing Ray       |     5 |    55 |    42 ||   102
       Call Canine Famil |       |       |     2 ||     2
  Use: Scroll            |     3 |     9 |     4 ||    16
       Potion            |       |       |     5 ||     5
Armor: Skin              |     2 |     2 |     8 ||    12
Dodge: Dodged            |    10 |    44 |    52 ||   106

Table legend: (Time is in decaauts)
 A = Elapsed time spent in this place.
 B = Non-inter-level travel time spent in this place.
 C = Inter-level travel time spent in this place.
 D = Time resting spent in this place.
 E = Time spent auto-exploring this place.
 F = Levels seen in this place.
 G = Mean time per level.
                   A        B        C        D        E       F      G
               +--------+--------+--------+--------+--------+-----+--------+
         Total |   8843 |   8513 |    330 |      0 |   7445 |   9 |  982.6 |
       Dungeon |   7779 |   7492 |    287 |      0 |   6558 |   7 | 1111.3 |
        Temple |    310 |    267 |     43 |      0 |    262 |   1 |  310.0 |
         Sewer |    753 |    753 |      0 |      0 |    625 |   1 |  753.0 |
               +--------+--------+--------+--------+--------+-----+--------+

Top non-repeatable levels by time:
     D:5: 1657 daAuts
     D:2: 1365 daAuts
     D:4: 1329 daAuts
     D:3: 1296 daAuts
     D:1: 981 daAuts
     D:6: 931 daAuts
   Sewer: 753 daAuts
  Temple: 310 daAuts
     D:7: 218 daAuts
